 Dungeon Crawl Stone Soup version 0.29.1-4-g47bece8355 (webtiles) character file.

Game seed: 3289285289787969051

11918 iamoutofideas the Severer (level 11, -1/99 HPs)
             Began as a Hill Orc Berserker on Dec 7, 2022.
             Was a Priest of Trog.
             Slain by an orc warrior
             ... wielding a +0 trident
             ... led by an orc knight
              (8 damage)
             ... on level 11 of the Dungeon.
             The game lasted 00:16:05 (14156 turns).

iamoutofideas the Severer (Hill Orc Berserker)     Turns: 14156, Time: 00:16:05

Health: -1/99      AC: 19    Str: 25    XL:     11   Next: 85%
Magic:  11/11      EV:  9    Int:  7    God:    Trog [***...]
Gold:   702        SH:  4    Dex: 10    Spells: 10/10 levels left

rFire   . . .      SeeInvis .   A - +0 war axe
rCold   + . .      Faith    .   e - +0 buckler
rNeg    . . .      Spirit   .   h - +2 chain mail {rPois}
rPois   +          Reflect  .   p - +0 helmet
rElec   .          Harm     .   (no cloak)
rCorr   .          Rampage  .   (no gloves)
Will    .....                   (no boots)
Stlth   ..........              (no amulet)
HPRegen 0.26/turn               k - ring of protection from cold
MPRegen 0.12/turn               t - +4 ring of protection

@: on berserk cooldown, slowed, studying Staves, very slow
A: no striking features
a: Renounce Religion, Berserk, Trog's Hand


You were on level 11 of the Dungeon.
You worshipped Trog.
Trog was most pleased with you.
You visited 1 branch of the dungeon, and saw 11 of its levels.

You collected 702 gold pieces.

Inventory:

Hand Weapons
 a - a +0 hand axe
 A - a +0 war axe (weapon)
Missiles
 q - 3 curare-tipped darts (quivered)
 x - a throwing net
Armour
 c - +0 steam dragon scales
 e - a +0 buckler (worn)
 h - a +2 chain mail of poison resistance (worn)
 p - a +0 helmet (worn)
Jewellery
 i - a ring of protection from fire
 k - a ring of protection from cold (left hand)
 t - a +4 ring of protection (right hand)
 v - a ring of positive energy
Wands
 s - a wand of flame (57)
 y - a wand of digging (3)
Scrolls
 f - 3 scrolls of teleportation
 g - 4 scrolls of fear
 j - a scroll of brand weapon
 m - 6 scrolls of poison
 n - a scroll of enchant weapon
 E - a scroll of magic mapping
 H - a scroll of vulnerability
Potions
 l - a potion of haste
 r - 2 potions of berserk rage
 u - 3 potions of brilliance
 w - a potion of ambrosia
 z - a potion of might
 B - a potion of attraction
 D - a potion of mutation {unknown}
 F - a potion of lignification
Miscellaneous
 C - a condenser vane (inert)


   Skills:
 + Level 10.0 Fighting
 + Level 17.1 Axes
 + Level 10.6 Armour
 + Level 2.5 Dodging
 + Level 4.2 Shields
 + Level 0.1 Evocations


You had 10 spell levels left.
You didn't know any spells.
Your spell library contained the following spells:

 Spells                   Type           Power      Damage    Failure   Level
 Ozocubu's Armour         Ice            0%         N/A       100%        3
 Metabolic Englaciation   Hex/Ice        0%         N/A       100%        5
 Simulacrum               Ice/Necr       0%         N/A       100%        6


Dungeon Overview and Level Annotations

Branches:
Dungeon (11/15)            Temple (0/1) D:4            Lair (0/5) D:11
    Orc (0/2) D:10

Altars:
Cheibriados
Elyvilon
Hepliaklqana
Okawaru
Ru
Trog
Xom

Shops:
D:4 :   D:10 (

Annotations:
D:4 3 runed translucent doors, Sambug2000's ghost, amateur HOFi
D:8 2 transporters, secret area, SADBETRAYER's ghost, novice MiBe


Message History

Unknown command.
You hit the orc knight.
The orc knight is moderately wounded.
The orc knight roars a battlecry!
The orcs go into a battle-frenzy!
You hear a shout!
You slice the orc knight!!
The orc knight is severely wounded.
You block the orc warrior's attack.
The orc warrior hits you from afar with a +2 halberd of protection!
You closely miss the orc knight.
The orc knight is severely wounded.
The orc warrior barely misses you. You block the orc knight's attack.
The orc warrior hits you from afar with a +0 trident.
You block the orc warrior's attack.
You slash the orc knight!
The orc knight is almost dead.
You slash the orc knight!
The orc knight is almost dead.
The orc knight hits you with a +0 battleaxe!
The orc warrior hits you from afar with a +0 glaive!
The orc warrior hits you from afar with a +2 halberd of protection!!
The orc warrior hits you from afar with a +0 trident!
* * * LOW HITPOINT WARNING * * *
You feel a strong urge to attack something.
The orc knight enters a dispersal trap!
The orc warrior blinks! x2
The orc blinks! x2; The orc warrior blinks!
You blink.
The orc knight blinks!
Unknown command.
You feel your anger nearly subside.
You are no longer berserk.
You are exhausted.
You feel yourself slow down.
The orc warrior enters a dispersal trap!
The orc warrior blinks! x3; The orc knight blinks!
The orc warrior blinks! x2
You blink.
The orc warrior hits you from afar with a +0 trident!!
* * * LOW HITPOINT WARNING * * *
You see here 5 stones.
You feel better.
The orc warrior hits you from afar with a +0 trident!
You die...

#...[..........#
###.............##.....
##........<............## .
#................ ......#..
#..............###......#.#
#..............##.........#
#...#...........#..#.....##
##.###.........##.##).....3
### ##.o.@##......))......
#....#######.).......
#...#.§§≈§[.#..#.....
##....#...#.§..#.....
#.o.##...##..o#...#.
#.#.o......)#.#...#
#..#≈...§.o.≈#.#...##
#..#..P)....§#......#
#....##..§##§§§#.....


You could see 2 orc warriors.

Vanquished Creatures
  A two-headed ogre (D:11)
  A sixfirhy (D:11)
  A deep elf pyromancer (D:6)
  2 oklob plants (D:11)
  A manticore (D:11)
  A smoke demon (D:11)
  A gargoyle (D:9)
  Maggie (D:6)
  A kobold demonologist (D:10)
  An ice devil (D:11)
  2 trolls
  2 hornets (D:7)
  A shadow (D:9)
  2 vampires
  2 wraiths
  9 yaks (D:10)
  A steam dragon (D:9)
  An acid dragon (D:10)
  Duvessa (D:6)
  An ice beast (D:6)
  5 orc warriors
  2 black bears
  2 ogres
  A sky beast (D:8)
  7 centaurs
  2 phantoms
  3 bullfrogs
  7 kobold brigands
  2 necrophages
  2 gnoll sergeants
  4 scorpions
  10 wights
  Dowan (D:6)
  10 killer bees
  4 hounds
  3 gnoll boudas
  A jelly (D:6)
  An orc priest (D:4)
  An iguana (D:4)
  7 orc wizards
  A mummy (D:9)
  6 adders
  14 gnolls
  2 shadow imps (D:7)
  3 white imps
  An ufetubus (D:5)
  6 worms
  3 dart slugs
  32 orcs
  6 bats
  5 endoplasms
  2 giant cockroaches
  7 goblins
  6 hobgoblins
  27 kobolds
  3 quokkas
  8 ball pythons
  3 frilled lizards
  7 rats
250 creatures vanquished.

Vanquished Creatures (others)
  An orc wizard (D:5)
  An orc (D:7)
  8 demonic plants (D:11)
  11 plants
21 creatures vanquished.

Grand Total: 271 creatures vanquished

Notes
Turn   | Place    | Note
-------+----------+-------------------------------------------
     0 | D:1      | iamoutofideas the Hill Orc Berserker began the quest for
                  | the Orb.
     0 | D:1      | Reached XP level 1. HP: 19/19 MP: 1/1
   120 | D:1      | Reached XP level 2. HP: 4/27 MP: 2/2
  1043 | D:1      | Reached XP level 3. HP: 28/33 MP: 3/3
  1369 | D:1      | Found a faded altar of an unknown god.
  1786 | D:2      | Reached skill level 5 in Axes
  2019 | D:2      | Reached XP level 4. HP: 39/40 MP: 4/4
  2560 | D:2      | Reached skill level 6 in Axes
  3000 | D:3      | Found a sacrificial altar of Ru.
  3353 | D:3      | Reached ** piety under Trog
  3805 | D:4      | Reached XP level 5. HP: 46/46 MP: 5/5
  3810 | D:4      | Reached skill level 7 in Axes
  3961 | D:4      | Reached skill level 8 in Axes
  3961 | D:4      | Reached XP level 6. HP: 36/52 MP: 6/6
  4178 | D:4      | Found a staircase to the Ecumenical Temple.
  4490 | D:4      | Reached skill level 9 in Axes
  4739 | D:4      | Reached XP level 7. HP: 26/59 MP: 7/7
  5086 | D:4      | Found Humulail's Tremendous Tomes.
  5094 | D:4      | Reached skill level 10 in Axes
  5237 | D:4      | Found a runed translucent gate.
  5325 | D:4      | Found a runed translucent gate.
  5325 | D:4      | Found a runed translucent gate.
  5327 | D:4      | Noticed Sambug2000's ghost (amateur HOFi)
  5441 | D:5      | Entered Level 5 of the Dungeon
  5502 | D:5      | Reached skill level 11 in Axes
  5571 | D:5      | Reached XP level 8. HP: 33/66 MP: 8/8
  6092 | D:6      | Noticed Dowan
  6093 | D:6      | Noticed Duvessa
  6102 | D:6      | Killed Dowan
  6108 | D:6      | Killed Duvessa
  6109 | D:6      | Reached skill level 12 in Axes
  6161 | D:6      | Found an iron altar of Okawaru.
  6366 | D:6      | Noticed Maggie
  6391 | D:6      | Killed Maggie
  6392 | D:6      | Reached skill level 13 in Axes
  6899 | D:6      | Identified the +2 leather armour "Rucvyfomm" {Str+2}
  6958 | D:6      | Noticed a deep elf pyromancer
  6970 | D:6      | Killed a deep elf pyromancer
  6971 | D:6      | Reached skill level 14 in Axes
  6971 | D:6      | Reached XP level 9. HP: 71/71 MP: 9/9
  7583 | D:7      | Found a hazy altar of Hepliaklqana.
  8054 | D:7      | Noticed a hornet
  8055 | D:7      | Found a shimmering altar of Xom.
  8055 | D:7      | Noticed a troll
  8055 | D:7      | Noticed a hornet
  8163 | D:7      | Killed a troll
  8164 | D:7      | Reached skill level 5 in Fighting
  8164 | D:7      | Reached skill level 15 in Axes
  8169 | D:7      | Killed a hornet
  8422 | D:7      | Killed a hornet
  8423 | D:7      | Reached skill level 5 in Armour
  8696 | D:8      | Reached XP level 10. HP: 83/83 MP: 10/10
  8796 | D:8      | Found a transporter.
  8801 | D:8      | Found a transporter.
  8802 | D:8      | Noticed SADBETRAYER's ghost (novice MiBe)
  9705 | D:8      | Found a white marble altar of Elyvilon.
 10237 | D:9      | Found a snail-covered altar of Cheibriados.
 10356 | D:9      | Noticed a moth of wrath
 10407 | D:9      | Found a bloodstained altar of Trog.
 10968 | D:9      | Noticed a gargoyle
 10984 | D:9      | Killed a gargoyle
 11272 | D:9      | Reached skill level 16 in Axes
 11965 | D:10     | Entered Level 10 of the Dungeon
 11989 | D:10     | Reached *** piety under Trog
 12062 | D:10     | Reached XP level 11. HP: 65/94 MP: 11/11
 13182 | D:10     | Found Ampo's Weapon Shop.
 13182 | D:10     | Found a staircase to the Orcish Mines.
 13674 | D:11     | Noticed an oklob plant
 13674 | D:11     | Noticed an oklob plant
 13712 | D:11     | Found a staircase to the Lair.
 13715 | D:11     | Noticed a two-headed ogre
 13717 | D:11     | Noticed a manticore
 13720 | D:11     | Killed an oklob plant
 13721 | D:11     | Reached skill level 10 in Armour
 13722 | D:11     | Killed a two-headed ogre
 13726 | D:11     | Killed a manticore
 13726 | D:11     | Reached **** piety under Trog
 13797 | D:11     | Killed an oklob plant
 13923 | D:11     | Reached skill level 17 in Axes
 14038 | D:11     | Noticed a sixfirhy
 14056 | D:11     | Killed a sixfirhy
 14057 | D:11     | Reached skill level 10 in Fighting
 14136 | D:11     | Noticed an orc knight
 14155 | D:11     | HP: 1/99 [orc warrior/+0 trident[an orc knight] (25)]
 14156 | D:11     | Slain by an orc warrior

Illustrated notes

Levels and vault maps discovered:
D:1:      dpeg_arrival_simpleton_b, layout_basic,
          hellmonk_ecumenical_altar_zigzags,
          wander_ebering_terrifying_dragon_lair
D:2:      layout_loops_ring
D:3:      layout_basic, nicolae_overflow_crystal_walls
D:4:      layout_loops_ring, minmay_temple_entry_nine_rooms,
          gammafunk_ghost_nasty_kobolds, nicolae_shop_i_like_big_books,
          chequers_hall_statues_corner_a
D:5:      layout_basic
D:6:      layout_basic, overflow_temple_1_default, grunt_ministairs_5,
          guppyfry_early_elven_hall, uniq_duvessa, uniq_maggie
D:7:      layout_basic, nzn_hepliaklqana_mist_gate, xom_confusion_cloud,
          nicolae_eternal_life, kennysheep_nondescript
D:8:      kennysheep_seaside_town, layout_basic, general_overflow_altar,
          gammafunk_ghost_hive, kennysheep_generic_room_7
D:9:      layout_basic, slow_altar_1, tgw_trog, minmay_stone_trees_small
D:10:     layout_loops_cross, orc_david_3, grunt_ministairs_7
D:11:     layout_cave_pools, dpeg_oklobed_lair, serial_demonic,
          serial_demonic_f, serial_demonic_e, serial_demonic_g,
          serial_demonic_b, serial_demonic_c, serial_demonic_c,
          serial_demonic_c, grunt_ogre_cave, chequers_serial_rivers_large_a,
          kennysheep_generic_room_4

Skill      XL: |  1  2  3  4  5  6  7  8  9 10 11 |
---------------+----------------------------------+-----
Fighting       | 4 5 7 10 | 10.0
Axes           | 5 6 8 9 11 14 15 16 17 | 17.1
Shields        | 4 |  4.2
Armour         | 3 5 8 10 | 10.6
Dodging        | 2 |  2.5
Evocations     | |  0.1

Action                   |  1- 3 |  4- 6 |  7- 9 | 10-12 || total
-------------------------+-------+-------+-------+-------++-------
Melee: Hand axe          |    89 |   159 |   293 |   443 ||   984
       Punch             |     3 |     1 |     4 |     5 ||    13
       War axe           |       |       |       |    97 ||    97
Invok: Berserk           |     3 |     5 |    10 |    18 ||    36
       Trog's Hand       |       |       |     2 |     1 ||     3
Evoke: Condenser vane    |       |       |       |     1 ||     1
  Use: Scroll            |     2 |       |     8 |    10 ||    20
       Potion            |       |     1 |     3 |     2 ||     6
 Stab: Sleeping          |     2 |       |       |       ||     2
       Invisible         |       |       |     4 |       ||     4
Armor: Animal skin       |    17 |    32 |       |       ||    49
       Chain mail        |       |    24 |   136 |   259 ||   419
Dodge: Dodged            |    60 |    96 |   112 |   162 ||   430
Block: Buckler           |       |       |       |    20 ||    20
